 Dungeon Sprint DCSS version 0.26-a0-710-g95a0c6c400 (webtiles) character file.

Game seed: 10505827477559522455

7550 Riddle the Eclecticist (level 10, -13/46 HPs)
             Began as a Spriggan Venom Mage on Oct 30, 2020.
             Was the Champion of Jiyva.
             Killed from afar by a fire giant (38 damage)
             ... with a fireball
             ... in the Dungeon (Sprint I: "Red Sonja").
             The game lasted 00:19:41 (2527 turns).

Riddle the Eclecticist (Spriggan Venom Mage)        Turns: 2527, Time: 00:19:43

Health: -13/46     AC:  6    Str:  6    XL:     10   Next: 96%
Magic:  0/31       EV: 25    Int: 23    God:    Jiyva [******]
Gold:   256        SH:  4    Dex: 14    Spells: 29/42 levels left

rFire    . . .     SeeInvis +     - Unarmed
rCold    . . .     Faith    .   (shield restricted)
rNeg     . . .     Spirit   +   a - +0 robe
rPois    +         Reflect  .   (helmet restricted)
rElec    .         Harm     .   j - +2 cloak {rPois}
rCorr    +         Rampage  .   (gloves unavailable)
MR       ++...     NoTele   +   (boots unavailable)
Stlth    +++++.....             i - amulet of guardian spirit
HPRegen  0.15/turn              (no ring)
MPRegen  0.22/turn              (no ring)

@: very quick
A: very small, unfitting armour, antennae 1, large bone plates 1, thin skeletal
structure 1, see invisible, speed 3, magic resistance 1, wild magic 1, acidic
bite, eyeballs 2, gelatinous body 1, translucent skin 1, jelly sensing items,
jelly absorbing missiles
a: Request Jelly, Slimify, Cure Bad Mutation, Renounce Religion


You were in the Dungeon.
You worshipped Jiyva.
Jiyva was exalted by your worship.
You visited 1 branch You collected 459 gold pieces.
You spent 203 gold pieces at shops.

Inventory:

Hand Weapons
 k - the +2 glaive of the Battered Ships {freeze, rPois rC- Int+6, unknown}
   (You found it in the Dungeon)

   It has been specially enchanted to freeze those struck by it, causing extra
   injury to most foes and up to half again as much damage against particularly
   susceptible opponents.
   It can also slow down cold-blooded creatures.
   It affects your intelligence (+6).
   It makes you vulnerable to cold.
   It protects you from poison.
Armour
 a - a +0 robe (worn)
 j - a +2 cloak of poison resistance (worn)
Jewellery
 i - an amulet of guardian spirit (around neck)
Scrolls
 h - a scroll of blinking
Potions
 b - a potion of ambrosia {unknown}
 c - 4 potions of curing
 e - a potion of haste
 f - 2 potions of magic
 g - 2 potions of berserk rage


   Skills:
 + Level 2.0 Fighting
 + Level 10.2 Dodging
 + Level 9.2 Stealth
 + Level 1.5 Unarmed Combat
 + Level 16.9 Spellcasting
 + Level 1.6 Conjurations
 + Level 8.7 Transmutations
 + Level 2.3 Fire Magic
 + Level 7.7 Air Magic
 + Level 16.1 Poison Magic


You had 29 spell levels left.
You knew the following spells:

 Your Spells              Type           Power        Failure   Level
a - Sting                 Tmut/Pois      ####         1%          1
b - Poisonous Vapours     Pois/Air       ######       1%          2
c - Mephitic Cloud        Conj/Pois/Air  ######..     1%          3
d - Ignite Poison         Fire/Tmut/Pois ######..     1%          3
e - Olgreb's Toxic Radia  Pois           #######.     1%          4

Your spell library contained the following spells:

 Spells                   Type           Power        Failure   Level


Dungeon Overview and Level Annotations

Branches:
Dungeon (1/1)

Altars:
Cheibriados
Dithmenos
Elyvilon
Fedhas
Gozag
Hepliaklqana
Kikubaaqudgha
Makhleb
Nemelex Xobeh
Okawaru
Qazlal
Ru
Sif Muna
Trog
Uskayaw
Vehumet
Wu Jian
Xom
Yredelemnul
Zin
The Shining One
Jiyva
Lugonu

Shops:
D [}[

Annotations:
D exclusion: oklob plant


Innate Abilities, Weirdness & Mutations

You are very small and have problems with some larger weapons.
You are too small for most types of armour.
You have supernaturally acute eyesight. (SInv)
You cover ground extremely quickly.
You have a pair of small antennae on your head.
You are partially covered in large bone plates. (SH +4)
You have a somewhat thin skeletal structure. (Dex +2, Stealth)
You are resistant to hostile enchantments. (MR+)
Your spells are a little harder to cast, but a little more powerful.
You have acidic saliva.
Your body has grown many golden eyes which may confuse attackers. (Acc +5)
Your rubbery body absorbs attacks. (AC +1, EV +1)
Your translucent skin slightly reduces your foes' accuracy. (Stealth)
You have a small jelly attached to you that senses nearby items.
You have a small jelly attached to you that may absorb incoming projectiles.


Message History

The fire giant dies!
Your Poison Magic skill increases to level 16!
Casting: Ignite Poison (safe; 1% risk of failure)
Confirm with . or Enter, or press ? or * to list all spells.
Aiming: Poisonous Vapours (safe; 1% risk of failure)
Press: ? - help, Dir - move target cursor, f - fire giant
Aim: a fire giant, wielding a +1 great sword of flaming (heavily wounded, poisoned) Poisonous vapours surround the fire giant!
The fire giant is engulfed in poison gas.
The fire giant looks even sicker.
Casting: Poisonous Vapours (safe; 1% risk of failure)
Confirm with . or Enter, or press ? or * to list all spells.
You don't have enough magic to cast that spell.
You swap places.
The fire giant points at you and mumbles some strange words.
The fireball explodes!
The fireball engulfs your acid blob!!!
The fireball engulfs the fire giant!
The fire giant resists.
The fireball engulfs your acid blob!! The fireball engulfs you!!!
Ouch! That really hurt!
You die...

#.°.○
##.#A#.#..≈
#.# ###°○○
{#..###.#..≈.
#§# ..#.°.#
#.##...# .≈#
§§§ #.#.°##
#..#'###
^.§D§ .#°.# ∆
##...#{
#..^§. ∆#
###.#{
....§§[ ∆ #.#
#..... . ∆
#.# ##.... ^
∆ ####@#
###.CJJ#
#..)####
........###
....##### ..


You could see a fire giant (very poisoned) and 2 friendly acid blobs.

Vanquished Creatures
  A centaur warrior (D)
  Sonja (D)
  3 unseen horrors (D)
  A deep troll (D)
  A merfolk siren (D)
  A demonic crawler (D)
  A hornet (D)
  Sigmund (D)
  A redback (D)
  11 hogs (D)
  A yak (D)
  An ogre (D)
  Ijyb (D)
25 creatures vanquished.

Vanquished Creatures (collateral kills)
  A fire giant (D)
  A centaur warrior (D)
2 creatures vanquished.

Vanquished Creatures (others)
  A deep elf master archer (D)
  A hydra (D)
  3 unseen horrors (D)
  8 shining eyes (D)
  A lindwurm (D)
  A slime creature (D)
  A merfolk siren (D)
  A gargoyle (D)
  2 kobold demonologists (D)
  A demonic crawler (D)
  4 hornets (D)
  2 hogs (D)
  7 floating eyes (D)
  7 necrophages (D)
  63 jellies (D)
  2 ballistomycete spores (D)
105 creatures vanquished.

Grand Total: 132 creatures vanquished

Notes
Turn   | Place    | Note
-------+----------+-------------------------------------------
     0 | D        | Riddle the Spriggan Venom Mage began the quest for the Orb.
     0 | D        | Reached XP level 1. HP: 9/9 MP: 5/5
     1 | D        | Noticed Ijyb
    22 | D        | Killed Ijyb
    22 | D        | Reached skill level 5 in Poison Magic
    22 | D        | Reached XP level 2. HP: 10/13 MP: 1/8
    88 | D        | Learned a level 2 spell: Poisonous Vapours
    88 | D        | Noticed an ogre
   119 | D        | Killed an ogre
   119 | D        | Reached skill level 5 in Dodging
   119 | D        | Reached skill level 5 in Spellcasting
   119 | D        | Reached skill level 1 in Air Magic
   119 | D        | Reached XP level 3. HP: 16/16 MP: 0/11
   119 | D        | Reached XP level 4. HP: 21/21 MP: 0/12
   212 | D        | Noticed Sigmund
   224 | D        | Killed Sigmund
   224 | D        | Reached skill level 5 in Stealth
   224 | D        | Reached XP level 5. HP: 16/24 MP: 3/16
   224 | D        | Reached XP level 6. HP: 19/28 MP: 3/18
   346 | D        | Found a burning altar of Makhleb.
   346 | D        | Found a viscous altar of Jiyva.
   346 | D        | Found a shimmering altar of Xom.
   346 | D        | Found a corrupted altar of Lugonu.
   346 | D        | Noticed a slime creature
   358 | D        | Became a worshipper of Jiyva Junyk the Shapeless
   361 | D        | Found an ornate altar of the Wu Jian Council.
   361 | D        | Found a shimmering blue altar of Sif Muna.
   365 | D        | Reached * piety under Jiyva
   365 | D        | Reached ** piety under Jiyva
   366 | D        | Reached *** piety under Jiyva
   368 | D        | Reached **** piety under Jiyva
   368 | D        | Gained mutation: You are weak. (Str -2) [Jiyva's grace]
   368 | D        | Reached ***** piety under Jiyva
   368 | D        | Gained mutation: You are partially covered in molten
                  | scales. (AC +2) [Jiyva's grace]
   368 | D        | Gained mutation: Your body has grown golden eyes which may
                  | confuse attackers. (Acc +3) [Jiyva's grace]
   369 | D        | Noticed a floating eye
   374 | D        | Reached ****** piety under Jiyva
   374 | D        | Lost mutation: You are weak. (Str -2) [Jiyva's grace]
   376 | D        | Found a radiant altar of Vehumet.
   376 | D        | Gained mutation: You have an increased reservoir of magic.
                  | (+10% MP) [Jiyva's grace]
   382 | D        | Lost mutation: Your body has grown golden eyes which may
                  | confuse attackers. (Acc +3) [Jiyva's grace]
   383 | D        | Found Xotokuf's Gadget Emporium.
   383 | D        | Found an ancient bone altar of Kikubaaqudgha.
   383 | D        | Found a hazy altar of Hepliaklqana.
   383 | D        | Found a hide-covered altar of Uskayaw.
   383 | D        | Found a basalt altar of Yredelemnul.
   383 | D        | Found an opulent altar of Gozag.
   383 | D        | Found a snail-covered altar of Cheibriados.
   383 | D        | Found a sacrificial altar of Ru.
   383 | D        | Found a shadowy altar of Dithmenos.
   383 | D        | Noticed a yak
   384 | D        | Found a stormy altar of Qazlal.
   384 | D        | Found a blossoming altar of Fedhas.
   384 | D        | Found a bloodstained altar of Trog.
   384 | D        | Found an iron altar of Okawaru.
   384 | D        | Found a glowing silver altar of Zin.
   385 | D        | Noticed a centaur warrior
   387 | D        | Killed a yak
   393 | D        | Gained mutation: Your flesh is cold resistant. (rC+)
                  | [Jiyva's grace]
   393 | D        | Gained mutation: You are agile. (Dex +2) [Jiyva's grace]
   403 | D        | Killed a centaur warrior
   403 | D        | Reached skill level 10 in Spellcasting
   403 | D        | Reached skill level 10 in Poison Magic
   403 | D        | Reached XP level 7. HP: 14/32 MP: 17/23
   404 | D        | Noticed a centaur warrior
   409 | D        | Killed a centaur warrior
   409 | D        | Reached skill level 5 in Transmutations
   409 | D        | Reached XP level 8. HP: 17/36 MP: 16/26
   410 | D        | Gained mutation: You are covered in fur. (AC +1) [Jiyva's
                  | grace]
   416 | D        | Lost mutation: Your flesh is cold resistant. (rC+) [Jiyva's
                  | grace]
   425 | D        | Gained mutation: You have a pair of small antennae on your
                  | head. [Jiyva's grace]
   438 | D        | Gained mutation: You have acidic saliva. [Jiyva's grace]
   441 | D        | Found a glowing golden altar of the Shining One.
   441 | D        | Found a white marble altar of Elyvilon.
   441 | D        | Lost mutation: You are partially covered in molten scales.
                  | (AC +2) [Jiyva's grace]
   442 | D        | Found a sparkling altar of Nemelex Xobeh.
   442 | D        | Killed an unseen horror
   444 | D        | Gained mutation: Your body has grown golden eyes which may
                  | confuse attackers. (Acc +3) [Jiyva's grace]
   452 | D        | Noticed Sonja
   452 | D        | Noticed a shining eye
   452 | D        | Noticed a shining eye
   458 | D        | Learned a level 3 spell: Mephitic Cloud
   458 | D        | Gained mutation: You have a small jelly attached to you
                  | that may absorb incoming projectiles. [Jiyva's grace]
   460 | D        | Killed a kobold demonologist
   462 | D        | Killed Sonja
   462 | D        | Reached skill level 5 in Air Magic
   464 | D        | Gained mutation: You have a small jelly attached to you
                  | that senses nearby items. [Jiyva's grace]
   465 | D        | Noticed a shining eye
   467 | D        | Noticed a shining eye
   470 | D        | Lost mutation: You are agile. (Dex +2) [Jiyva's grace]
   475 | D        | Noticed a deep troll
   477 | D        | Noticed a shining eye
   477 | D        | Killed a shining eye
   481 | D        | Killed a shining eye
   484 | D        | Killed a deep troll
   484 | D        | Reached XP level 9. HP: 37/39 MP: 11/29
   488 | D        | Found Tigeax's Antique Armour Boutique.
   489 | D        | Noticed a shining eye
   500 | D        | Gained mutation: Your spells are a little harder to cast,
                  | but a little more powerful. [Jiyva's grace]
   500 | D        | Killed a kobold demonologist
   505 | D        | Killed a demonic crawler
   520 | D        | Gained mutation: Your muscles are strong. (Str +2) [Jiyva's
                  | grace]
   532 | D        | Gained mutation: You expend magic power (3 MP) to
                  | strengthen your wands. [Jiyva's grace]
   535 | D        | Noticed a shining eye
   543 | D        | Found Ceraugau's Armour Emporium.
   549 | D        | Lost mutation: You expend magic power (3 MP) to strengthen
                  | your wands. [Jiyva's grace]
   551 | D        | Bought a +2 cloak of poison resistance for 203 gold pieces
   576 | D        | Killed a shining eye
   577 | D        | Killed a shining eye
   581 | D        | Gained mutation: Your mind is acute. (Int +2) [Jiyva's
                  | grace]
   588 | D        | Lost mutation: Your spells are a little harder to cast, but
                  | a little more powerful. [Jiyva's grace]
   589 | D        | Noticed a demonic crawler
   597 | D        | Lost mutation: Your mind is acute. (Int +2) [Jiyva's grace]
   602 | D        | Noticed an oklob plant
   603 | D        | Gained mutation: Your muscles are very strong. (Str +4)
                  | [Jiyva's grace]
   607 | D        | Gained mutation: Your body has grown many golden eyes which
                  | may confuse attackers. (Acc +5) [Jiyva's grace]
   611 | D        | Lost mutation: Your muscles are very strong. (Str +4)
                  | [Jiyva's grace]
   617 | D        | Lost mutation: You have a pair of small antennae on your
                  | head. [Jiyva's grace]
   620 | D        | Gained mutation: You are partially covered in icy blue
                  | scales. (AC +2) [Jiyva's grace]
   624 | D        | Gained mutation: You are partially covered in large bone
                  | plates. (SH +4) [Jiyva's grace]
   630 | D        | Lost mutation: Your muscles are strong. (Str +2) [Jiyva's
                  | grace]
   678 | D        | Noticed a shining eye
   687 | D        | Gained mutation: Your rubbery body absorbs attacks. (AC +1,
                  | EV +1) [Jiyva's grace]
   715 | D        | Lost mutation: You are partially covered in icy blue
                  | scales. (AC +2) [Jiyva's grace]
   720 | D        | Gained mutation: You are covered in slimy tendrils that may
                  | disarm your opponents. [Jiyva's grace]
   724 | D        | Lost mutation: You have an increased reservoir of magic.
                  | (+10% MP) [Jiyva's grace]
   727 | D        | Gained mutation: Your system is resistant to poisons.
                  | (rPois) [Jiyva's grace]
   730 | D        | Noticed a demonic crawler
   734 | D        | Lost mutation: Your system is resistant to poisons. (rPois)
                  | [Jiyva's grace]
   780 | D        | Killed a lindwurm
   812 | D        | Killed a shining eye
   840 | D        | Killed a shining eye
   922 | D        | Lost mutation: Your rubbery body absorbs attacks. (AC +1,
                  | EV +1) [Jiyva's grace]
   924 | D        | Lost mutation: Your body has grown many golden eyes which
                  | may confuse attackers. (Acc +5) [Jiyva's grace]
   924 | D        | Gained mutation: You are covered in thick fur. (AC +2)
                  | [Jiyva's grace]
   925 | D        | Killed a shining eye
   928 | D        | Gained mutation: Your rubbery body absorbs attacks. (AC +1,
                  | EV +1) [Jiyva's grace]
   929 | D        | Gained mutation: You have sharp fingernails. [Jiyva's
                  | grace]
   936 | D        | Noticed a demonic crawler
   938 | D        | Gained mutation: Your spells are a little easier to cast,
                  | but a little less powerful. [Jiyva's grace]
   955 | D        | Killed a shining eye
   965 | D        | Noticed a gargoyle
   998 | D        | Lost mutation: You are covered in thick fur. (AC +2)
                  | [Jiyva's grace]
  1004 | D        | Learned a level 3 spell: Ignite Poison
  1009 | D        | Learned a level 4 spell: Olgreb's Toxic Radiance
  1078 | D        | Gained mutation: You possess an exceptional clarity of
                  | mind. [Jiyva's grace]
  1087 | D        | Lost mutation: Your spells are a little easier to cast, but
                  | a little less powerful. [Jiyva's grace]
  1093 | D        | Lost mutation: Your body has grown golden eyes which may
                  | confuse attackers. (Acc +3) [Jiyva's grace]
  1094 | D        | Gained mutation: Your mind is acute. (Int +2) [Jiyva's
                  | grace]
  1096 | D        | Lost mutation: You possess an exceptional clarity of mind.
                  | [Jiyva's grace]
  1097 | D        | Lost mutation: Your mind is acute. (Int +2) [Jiyva's grace]
  1099 | D        | Lost mutation: You are covered in fur. (AC +1) [Jiyva's
                  | grace]
  1104 | D        | Gained mutation: Your spells are a little harder to cast,
                  | but a little more powerful. [Jiyva's grace]
  1115 | D        | Gained mutation: You have a pair of small antennae on your
                  | head. [Jiyva's grace]
  1122 | D        | Gained mutation: Your body has grown golden eyes which may
                  | confuse attackers. (Acc +3) [Jiyva's grace]
  1124 | D        | Gained mutation: Your body has grown many golden eyes which
                  | may confuse attackers. (Acc +5) [Jiyva's grace]
  1134 | D        | Killed a demonic crawler
  1134 | D        | Reached skill level 1 in Fighting
  1136 | D        | Lost mutation: You have sharp fingernails. [Jiyva's grace]
  1164 | D        | Gained mutation: You have a somewhat thin skeletal
                  | structure. (Dex +2, Stealth) [Jiyva's grace]
  1184 | D        | Reached skill level 1 in Unarmed Combat
  1184 | D        | Reached skill level 1 in Conjurations
  1289 | D        | Killed a 12-headed hydra
  1321 | D        | Noticed a daeva
  1332 | D        | Noticed a deep elf annihilator
  1333 | D        | Noticed a gargoyle
  1334 | D        | Noticed a merfolk siren
  1344 | D        | Killed a merfolk siren
  1344 | D        | Reached skill level 1 in Fire Magic
  1344 | D        | Reached XP level 10. HP: 39/46 MP: 5/29
  1428 | D        | Killed a gargoyle
  1544 | D        | Gained mutation: You are resistant to hostile enchantments.
                  | (MR+) [Jiyva's grace]
  1550 | D        | Noticed a golden dragon
  1733 | D        | Killed a deep elf master archer
  1758 | D        | Killed a merfolk siren
  1879 | D        | Noticed an unseen horror
  1879 | D        | Noticed an unseen horror
  1879 | D        | Noticed an unseen horror
  1882 | D        | Noticed a fire giant
  1885 | D        | Killed an unseen horror
  1885 | D        | Reached skill level 15 in Spellcasting
  1889 | D        | Killed an unseen horror
  1889 | D        | Reached skill level 10 in Dodging
  1894 | D        | Killed an unseen horror
  1894 | D        | Reached skill level 15 in Poison Magic
  2254 | D        | Lost mutation: You are covered in slimy tendrils that may
                  | disarm your opponents. [Jiyva's grace]
  2263 | D        | Gained mutation: Your translucent skin slightly reduces
                  | your foes' accuracy. (Stealth) [Jiyva's grace]
  2285 | D        | Got a crude glaive
  2399 | D        | Noticed an unseen horror
  2403 | D        | Killed an unseen horror
  2438 | D        | Noticed an unseen horror
  2441 | D        | Killed an unseen horror
  2508 | D        | Noticed a fire giant
  2509 | D        | Noticed a fire giant
  2524 | D        | Killed a fire giant
  2527 | D        | Killed from afar by a fire giant

Illustrated notes

Levels and vault maps discovered:
D:        dungeon_sprint_1 [red_sonja_temple_1, red_sonja_temple_small_1]

Skill      XL: |  1  2  3  4  5  6  7  8  9 10 |
---------------+-------------------------------+-----
Spellcasting   | 4 5 8 10 11 13 14 16 | 16.9
Transmutations | 2 3 4 5 6 7 8 |  8.7
Poison Magic   | 5 7 9 10 11 13 14 16 | 16.1
Dodging        | 5 6 7 9 10 | 10.2
Stealth        | 4 5 7 8 9 |  9.2
Air Magic      | 1 2 4 6 7 |  7.7
Fighting       | 1 2 |  2.0
Unarmed Combat | 1 |  1.5
Conjurations   | 1 |  1.6
Fire Magic     | 1 2 |  2.3

Action                   |  1- 3 |  4- 6 |  7- 9 | 10-12 || total
-------------------------+-------+-------+-------+-------++-------
Melee: Unarmed           |       |       |   100 |       ||   100
       Bite              |       |       |    18 |       ||    18
 Cast: Sting             |     5 |       |    28 |     1 ||    34
       Poisonous Vapours |     3 |     7 |    22 |     8 ||    40
       Mephitic Cloud    |       |       |    17 |     2 ||    19
       Olgreb's Toxic Ra |       |       |     6 |    10 ||    16
       Ignite Poison     |       |       |     5 |     5 ||    10
Invok: Request Jelly     |       |       |     1 |     1 ||     2
  Use: Potion            |       |       |       |     1 ||     1
 Stab: Confused          |       |       |     3 |       ||     3
Armor: Robe              |     1 |       |    11 |     5 ||    17
Dodge: Dodged            |     1 |     3 |   136 |    17 ||   157
Block: Other             |       |       |    24 |     3 ||    27

Table legend: (Time is in decaauts)
 A = Elapsed time spent in this place.
 B = Non-inter-level travel time spent in this place.
 C = Inter-level travel time spent in this place.
 D = Time resting spent in this place.
 E = Time spent auto-exploring this place.
 F = Levels seen in this place.
 G = Mean time per level.
                   A        B        C        D        E       F      G
               +--------+--------+--------+--------+--------+-----+--------+
         Total |   2262 |   2262 |      0 |   1503 |      3 |   1 | 2262.0 |
       Dungeon |   2262 |   2262 |      0 |   1503 |      3 |   1 | 2262.0 |
               +--------+--------+--------+--------+--------+-----+--------+

Top non-repeatable levels by time:
       D: 2262 daAuts
